 Dungeon Crawl Stone Soup version 0.27.1-35-g4d5d836560 (webtiles) character file.

Game seed: 7074037917049228294

289 Delamore the Covert (level 6, -4/39 HPs)
             Began as an Octopode Brigand on Mar 1, 2022.
             Splashed by a jelly's acid (9 damage)
             ... on level 3 of the Dungeon.
             The game lasted 00:06:07 (4355 turns).

Delamore the Covert (Octopode Brigand)              Turns: 4355, Time: 00:06:07

Health: -4/39      AC: -15   Str: 17    XL:     6   Next: 31%
Magic:  6/6        EV: 13    Int: 13    God:
Gold:   119        SH:  0    Dex: 21    Spells: 5/5 levels left

rFire    . . .     SeeInvis .   a - +2 dagger
rCold    . . .     Faith    .   (no shield)
rNeg     . . .     Spirit   .   (helmet restricted)
rPois    .         Reflect  .   (no amulet)
rElec    .         Harm     .   h - +6 ring of dexterity
rCorr    .         Rampage  .   j - +6 ring of strength
Will     .....                  (no ring)
Stlth    +++++.....             (no ring)
HPRegen  0.13/turn              (no ring)
MPRegen  0.10/turn              (no ring)
                                (no ring)
                                (no ring)

@: about to teleport, corroded
A: almost no armour, amphibious, 8 rings, camouflage 1, gelatinous body 1,
(nimble swimmer 1), tentacles
a: no special abilities


You were on level 3 of the Dungeon.
You visited 1 branch of the dungeon, and saw 4 of its levels.

You collected 147 gold pieces.
You spent 28 gold pieces at shops.

Inventory:

Hand Weapons
 a - a +2 dagger (weapon)
Missiles
 b - 8 poisoned darts (quivered)
 c - 2 curare-tipped darts
Jewellery
 h - a +6 ring of dexterity (left tentacle)
 j - a +6 ring of strength (right tentacle)
Wands
 f - a wand of mindburst (9)
 n - a wand of iceblast (8)
Scrolls
 d - a scroll of noise {unknown}
 e - a scroll of acquirement
 m - a scroll of teleportation
 p - a scroll of magic mapping
 s - a scroll of fog {unknown}
Potions
 g - 2 potions of curing {unknown}
 i - a potion of flight {unknown}
 k - 2 potions of lignification {unknown}
 l - 2 potions of resistance {unknown}
 o - 2 potions of berserk rage {unknown}
 q - 2 potions of attraction {unknown}
 r - a potion of might {unknown}
 t - a potion of degeneration {unknown}


   Skills:
 - Level 2.0 Fighting
 + Level 3.7 Short Blades
 - Level 2.0 Throwing
 - Level 1.0 Dodging
 * Level 8.6 Stealth
 + Level 2.2 Evocations


You had 5 spell levels left.
You didn't know any spells.
Your spell library was empty.

Dungeon Overview and Level Annotations

Branches:
Dungeon (4/15)
 Temple: D:4-7

Altars:

Shops:
D:1 ?


Innate Abilities, Weirdness & Mutations

You cannot wear most types of armour.
You are amphibious.
You can wear up to eight rings at the same time.
Your skin changes colour to match your surroundings (Stealth+).
Your rubbery body absorbs attacks. (AC +1, EV +1)
((You are camouflaged near water. (Stealth+)))
You have tentacles for arms and can constrict up to eight enemies at once.


Message History

You open the door.
There is an open door here.
Done exploring.
Done exploring.
Done exploring.
There is a stone staircase leading up here.
You climb upwards.
There is a stone staircase leading down here.
A jelly is nearby!
No target in view!
The jelly quivers.
The jelly hits you. The acid corrodes you!
You are splashed with acid.
You hit the jelly but do no damage. The acid corrodes you!
Your tentacles burn!
You squeeze the jelly, but do no damage.
You hit the jelly but do no damage.
Your tentacles burn!
The jelly closely misses you.
You hit the jelly but do no damage.
Your tentacles burn!
You squeeze the jelly, but do no damage.
You hit the jelly but do no damage.
Your tentacles burn!
You squeeze the jelly!
The jelly is moderately wounded.
The jelly hits you. The acid corrodes you!
You are splashed with acid!
You see here 23 arrows.
Press: ? - help, v - describe, . - travel The floor.
There is a stone staircase leading down here.
There is an open door here.
There is an open door here.
Okay, then.
The jelly hits you. The acid corrodes you!
You are splashed with acid!
* * * LOW HITPOINT WARNING * * *
Okay, then.
Okay, then.
Okay, then.
Okay, then.
Okay, then.
As you read the scroll of teleportation, it crumbles to dust.
You feel strangely unstable. The jelly hits you.
* * * LOW HITPOINT WARNING * * *
You are splashed with acid!
You die...

###'##.....<...#......
#.##.........#......
#.########'###......
#..........#.+......
#..#######.#.#......
#....# ###.#..)... #....#
#...#.##### #..J.#
#.#.......' #..@.#
###)#.##### #....# #.#.#
# #....# #.#.# # #...<#
#.#.# ### #....# #.#.#
#.. ##########....# #.#.#
#..
#.............#######.#.#
#..
#.##...####...........#.#
#..
#.##......#..##########.#
###


You could see a jelly.

Vanquished Creatures
  A scorpion (D:4)
  A bullfrog skeleton (D:4)
  Ijyb (D:3)
  Jessica (D:2)
  A hound skeleton (D:4)
  4 gnolls
  3 adders
  2 orcs
  9 ball pythons
  11 endoplasms
  3 giant cockroaches
  3 goblins
  4 hobgoblins
  3 jackals (D:1)
  2 quokkas
  9 bats
  8 frilled lizards
  6 kobolds
  2 rats (D:1)
74 creatures vanquished.

Notes
Turn   | Place    | Note
-------+----------+-------------------------------------------
     0 | D:1      | Delamore the Octopode Brigand began the quest for the Orb.
     0 | D:1      | Reached XP level 1. HP: 14/14 MP: 1/1
   391 | D:1      | Reached XP level 2. HP: 19/19 MP: 2/2
   443 | D:1      | Reached skill level 6 in Stealth
   752 | D:1      | Found Penorch's Magic Scroll Emporium.
   762 | D:1      | Bought a scroll of identify for 28 gold pieces
   762 | D:1      | Identified a scroll of acquirement
   801 | D:1      | Reached XP level 3. HP: 24/24 MP: 3/3
  1062 | D:1      | Found a faded altar of an unknown god.
  1585 | D:2      | Reached XP level 4. HP: 29/29 MP: 4/4
  1745 | D:2      | Reached skill level 7 in Stealth
  2195 | D:2      | Noticed Jessica
  2202 | D:2      | Killed Jessica
  2725 | D:3      | Reached XP level 5. HP: 34/34 MP: 5/5
  2725 | D:3      | Noticed Ijyb
  2729 | D:3      | Killed Ijyb
  2730 | D:3      | Reached skill level 1 in Evocations
  3617 | D:4      | Reached skill level 8 in Stealth
  4094 | D:4      | Reached XP level 6. HP: 39/39 MP: 6/6
  4355 | D:3      | Splashed by a jelly's acid

Illustrated notes

Levels and vault maps discovered:
D:1:      dpeg_arrival_line_fractal, layout_loops_corners, serial_shops, shop,
          chequers_ecumenical_altar_twisty, chequers_arboretum, st_stairs_4,
          minmay_misc_feat_alley
D:2:      layout_basic, minmay_pentomino_r4, uniq_jessica
D:3:      layout_basic, uniq_ijyb
D:4:      layout_gridville, chequers_serial_rivers_room_b,
          chequers_serial_rivers_large_b

Skill      XL: |  1  2  3  4  5 |
---------------+----------------+-----
Stealth        | 6 7 8 |  8.6
Short Blades   | 3 |  3.7
Evocations     | 2 |  2.2
Fighting       | |  2.0
Throwing       | |  2.0
Dodging        | |  1.0

Action                   |  1- 3 |  4- 6 || total
-------------------------+-------+-------++-------
Melee: Dagger            |    48 |    63 ||   111
       Constrict         |     8 |    10 ||    18
       Tentacles         |     5 |    17 ||    22
Throw: Dart              |       |     8 ||     8
  Use: Scroll            |     1 |     4 ||     5
       Potion            |       |     1 ||     1
 Stab: Sleeping          |    17 |    18 ||    35
       Distracted        |       |     1 ||     1
Armor: Skin              |     3 |     5 ||     8
Dodge: Dodged            |    19 |    29 ||    48
